 Dungeon Crawl Stone Soup version 0.28-a0-413-gde365fb1df (webtiles) character file.

Game seed: 16007563143824167933

39 zdrol the Covered (level 3, -6/33 HPs)
             Began as a Minotaur Fighter on Sept 7, 2021.
             Mangled by Pikel (8 damage)
             ... on level 4 of the Dungeon.
             The game lasted 00:06:21 (1561 turns).

zdrol the Covered (Minotaur Fighter)                Turns: 1561, Time: 00:06:22

Health: -6/33      AC:  8    Str: 21    XL:     3   Next: 28%
Magic:  2/2        EV:  9    Int:  5    God:
Gold:   13         SH:  4    Dex:  9    Spells: 2/2 levels left

rFire   . . .      SeeInvis .   a - +0 long sword
rCold   . . .      Faith    .   c - +0 buckler
rNeg    . . .      Spirit   .   b - +1 scale mail
rPois   .          Reflect  .   (helmet restricted)
rElec   .          Harm     .   (no cloak)
rCorr   .          Rampage  .   (no gloves)
Will    +....                   (no boots)
Stlth   ..........              (no amulet)
HPRegen 0.11/turn               f - ring of willpower
MPRegen 0.08/turn               (no ring)

@: no status effects
A: horns 2, retaliatory headbutt
a: no special abilities


You were on level 4 of the Dungeon.
You visited 1 branch of the dungeon, and saw 3 of its levels.

You collected 19 gold pieces.
You donated 6 gold pieces to Zin.

Inventory:

Hand Weapons
 a - a +0 long sword (weapon)
Armour
 b - a +1 scale mail (worn)
 c - a +0 buckler (worn)
Jewellery
 f - a ring of willpower (left hand)
Potions
 d - a potion of might
 g - a potion of invisibility {unknown}


   Skills:
 + Level 4.0 Fighting
 + Level 3.2 Long Blades
 + Level 4.1 Armour
 + Level 0.2 Stealth
 + Level 3.9 Shields


You had 2 spell levels left.
You didn't know any spells.
Your spell library contained the following spells:

 Spells                   Type           Power      Damage    Failure   Level
 Ensorcelled Hibernation  Hex/Ice        0%         N/A       91%         2
 Tukima's Dance           Hex            0%         N/A       99%         3


Dungeon Overview and Level Annotations

Branches:
Dungeon (2/15)

Altars:
Ru
Zin

Annotations:
D:4 Pikel


Innate Abilities, Weirdness & Mutations

You have a pair of horns on your head.
You reflexively headbutt those who attack you in melee.


Message History

Pikel shouts!
You hear a shout!
A lemure comes into view.
A lemure comes into view.
The lemure shouts!
You barely miss the lemure. You headbutt the lemure!
The lemure is heavily wounded.
The lemure hits you but does no damage.
A lemure comes into view.
You barely miss the lemure.
The lemure shouts!
You headbutt the lemure, but do no damage.
The lemure is moderately wounded.
You block the lemure's attack.
Pikel says, "Hell isn't that bad."
You slash the lemure! You headbutt the lemure.
The lemure is severely wounded.
The lemure hits you.
You closely miss Pikel. Your headbutt misses Pikel.
Pikel hits you with a +2 whip of freezing!
Pikel freezes you.
You closely miss Pikel.
Pikel hits you with a +2 whip of freezing.
Pikel freezes you.
You slash Pikel! You headbutt Pikel, but do no damage.
Pikel is lightly wounded.
Pikel hits you with a +2 whip of freezing.
* * * LOW HITPOINT WARNING * * *
Pikel freezes you.
* * * LOW HITPOINT WARNING * * *
You miss Pikel.
Pikel is lightly wounded.
Pikel waves his whip at you.
Pikel hits you with a +2 whip of freezing.
* * * LOW HITPOINT WARNING * * *
Pikel freezes you.
* * * LOW HITPOINT WARNING * * *
You slash Pikel! You headbutt Pikel, but do no damage.
Pikel is heavily wounded.
Pikel hits you with a +2 whip of freezing!
You die...

... ... ....
... #.. #.# #
##.# ##. ##@#
#..##K##
#.55#
##.5########
#.........##
##!........#
#....##...#
#..........#
#<...########


You could see Pikel and 3 lemures.

Vanquished Creatures
  A dart slug (D:2)
  4 ball pythons (D:1)
  4 endoplasms
  2 giant cockroaches (D:1)
  2 goblins (D:1)
  4 hobgoblins (D:1)
  3 jackals (D:2)
  2 quokkas (D:1)
  6 bats
  3 kobolds (D:1)
31 creatures vanquished.

Notes
Turn   | Place    | Note
-------+----------+-------------------------------------------
     0 | D:1      | zdrol the Minotaur Fighter began the quest for the Orb.
     0 | D:1      | Reached XP level 1. HP: 19/19 MP: 0/0
   112 | D:1      | Reached XP level 2. HP: 25/27 MP: 1/1
   449 | D:2      | Found a sacrificial altar of Ru.
   912 | D:1      | Found a faded altar of an unknown god.
   921 | D:1      | Became a worshipper of Zin the Law-Giver
   921 | D:1      | Reached * piety under Zin
   922 | D:1      | Donated 5 gold pieces to Zin
   929 | D:1      | Fell from the grace of Zin
   942 | D:1      | Reached XP level 3. HP: 33/33 MP: 2/2
  1539 | D:2      | You fall into a shaft and drop 2 floors!
  1544 | D:4      | Noticed a lemure
  1545 | D:4      | Noticed Pikel
  1545 | D:4      | Noticed a lemure
  1546 | D:4      | Noticed a lemure
  1554 | D:4      | Noticed a lemure
  1561 | D:4      | Mangled by Pikel

Illustrated notes

Levels and vault maps discovered:
D:1:      minmay_arrival_five_plusses, layout_basic, basic_ecumenical_altar
D:2:      layout_loops_corners, basic_altar
D:4:      layout_layer_cave, grunt_temple_overflow_champion_of_chaos,
          mainiacjoe_overflow_tiny_flanked, uniq_blork_the_orc, uniq_pikel,
          uniq_natasha

Skill      XL: |  1  2 |
---------------+-------+-----
Fighting       | 4 |  4.0
Armour         | 4 |  4.1
Long Blades    | 3 |  3.2
Stealth        | |  0.2
Shields        | |  3.9

Action                   || total
-------------------------++-------
Melee: Long sword        ||    81
       Headbutt          ||    14
Invok: Donate Gold       ||     1
       Renounce Religion ||     1
  Use: Scroll            ||     3
Armor: Scale mail        ||    54
Dodge: Dodged            ||    35
Block: Buckler           ||    16

Table legend: (Time is in decaauts)
 A = Elapsed time spent in this place.
 B = Non-inter-level travel time spent in this place.
 C = Inter-level travel time spent in this place.
 D = Time resting spent in this place.
 E = Time spent auto-exploring this place.
 F = Levels seen in this place.
 G = Mean time per level.
                   A        B        C        D        E       F      G
               +--------+--------+--------+--------+--------+-----+--------+
         Total |   1585 |   1585 |      0 |     13 |    592 |   3 |  528.3 |
       Dungeon |   1585 |   1585 |      0 |     13 |    592 |   3 |  528.3 |
               +--------+--------+--------+--------+--------+-----+--------+

Top non-repeatable levels by time:
     D:1: 1103 daAuts
     D:2: 457 daAuts
     D:4: 23 daAuts
